 Dungeon Crawl Stone Soup version 0.29-a0-284-gf9362112df (webtiles) character file.

Game seed: 5389406130728419994

273 spaghetti the Skirmisher (level 6, -8/76 HPs)
             Began as a Demonspawn Berserker on Mar 21, 2022.
             Was a Follower of Trog.
             Shot with an arrow by a centaur (10 damage)
             ... on level 5 of the Dungeon.
             The game lasted 00:03:06 (1677 turns).

spaghetti the Skirmisher (Demonspawn Berserker)     Turns: 1677, Time: 00:03:07

Health: -8/76      AC:  3    Str: 17    XL:     6   Next: 3%
Magic:  6/6        EV: 13    Int:  9    God:    Trog [*.....]
Gold:   114        SH:  0    Dex: 14    Spells: 5/5 levels left

rFire   + . .      SeeInvis .   k - +6 whip "Reirurin" {drain, *Noise rElec rF+ rC++, mace}
rCold   + + .      Faith    .   (no shield)
rNeg    . . .      Spirit   .   b - +0 animal skin
rPois   .          Reflect  .   m - +0 helmet
rElec   +          Harm     .   (no cloak)
rCorr   .          Rampage  .   (no gloves)
Will    .....                   (boots unavailable)
Stlth   ..........              (no amulet)
HPRegen 0.22/turn               (no ring)
MPRegen 0.10/turn               (no ring)

@: mighty, berserking, very quick
A: hooves 3
a: Renounce Religion, Berserk


You were on level 5 of the Dungeon.
You worshipped Trog.
Trog was aware of your devotion.
You visited 1 branch of the dungeon, and saw 6 of its levels.

You collected 114 gold pieces.


Innate Abilities, Weirdness & Mutations

You have hooves in place of feet.


   Skills:
 + Level 5.2 Fighting
 - Level 2.6 Long Blades
 + Level 0.4 Maces & Flails
 - Level 1.7 Armour
 + Level 4.1 Dodging


You had 5 spell levels left.
You didn't know any spells.
Your spell library contained the following spells:

 Spells                   Type           Power      Damage    Failure   Level
 Conjure Flame            Conj/Fire      0%         6-21      77%         3
 Ignite Poison            Fire/Tmut/Pois 0%         N/A       77%         3
 Sticky Flame             Conj/Fire      0%         2d3       99%         4

Inventory:

Hand Weapons
 a - a +0 falchion {long}
 k - the +6 whip "Reirurin" (weapon) {drain, *Noise rElec rF+ rC++, mace}
   (You took it off a hobgoblin on level 2 of the Dungeon)

   A truly terrible weapon, it drains the life of any living foe it strikes.
   rF:        It protects you from fire.
   rC:        It greatly protects you from cold.
   rElec:     It insulates you from electricity.
   *Noise:    It may make noises in combat.
Missiles
 e - a boomerang {throwing}
 f - 2 throwing nets {=f!fthrowing}
 g - 37 stones (quivered) {throwing}
 q - 4 poisoned darts {throwing}
Armour
 b - a +0 animal skin (worn)
 m - a +0 helmet (worn)
   (You found it on level 2 of the Dungeon)
Wands
 h - a wand of flame (34)
   (You took it off Sigmund on level 3 of the Dungeon)
Scrolls
 d - 2 scrolls of teleportation {@r4}
 l - a scroll of noise {!r}
Potions
 n - 2 potions of attraction {unknown}
 o - a potion of curing {unknown}
 p - a potion of flight {unknown}
 r - a potion of cancellation {unknown}

Dungeon Overview and Level Annotations

Branches:
Dungeon (6/15)
 Temple: D:4-7

Altars:
Uskayaw

................
.......§§§§.....
......§§§§§.....
.....§§§§§§.....
...###§§##§##.##
#§§#####.######
#.§c...#......#
#...§c§#......#
#...§§§#@.....#
#...§§c§......#
#########...§§##+######
#...........§§#
#......##.....#
##.....##.....##
##..<..........#
##.....##......#
##.....##.....##


You could see a centaur.


Message History

Unknown command.
Found a stone staircase leading up.
A jelly comes into view.
The jelly quivers.
A jelly is nearby!
A jelly is nearby!
You throw a stone {throwing}.
The stone {throwing} barely misses the jelly.
You throw a stone {throwing}. The stone {throwing} hits the jelly.
You throw a stone {throwing}. The stone {throwing} hits the jelly.
You throw a stone {throwing}.
The stone {throwing} hits the jelly but does no damage.
You throw a stone {throwing}.
The stone {throwing} hits the jelly but does no damage.
You whack the jelly!
Your hands burn!
The jelly hits you.
You are splashed with acid! 😮 HP[-13]
You take 13 damage, and now have 31/44 hp.
MASSIVE DAMAGE!! (PAUSE)
You whack the jelly!
You kill the jelly!
Trog accepts your kill.
You have reached level 6!
Your demonic ancestry asserts itself...
Your feet have mutated into hooves. 😮 HP[+5] MP[+1]
You now have 51 max hp (+7).
You regained 5 hp, and now have 36/51 hp.
Your mp is fully restored (6).
You start resting. 😎 HP[+15]
Your hp is fully restored (51).
g - 19 stones {throwing} (gained 1)
g - 20 stones {throwing} (gained 1)
g - 37 stones {throwing} (gained 17)
g - 38 stones {throwing} (gained 1)
g - 39 stones {throwing} (gained 1)
Found an escape hatch in the ceiling.
As you open the door, it creaks loudly!
There is an open door here.
There is a stone staircase leading up here.
Key pressed, stopping explore.
A centaur comes into view.
You throw a stone {throwing}.
The stone {throwing} hits the centaur but does no damage.
The centaur wields a +0 shortbow.
The centaur shoots an arrow.
The arrow hits you! 😕 HP[-10]
You take 10 damage, and now have 41/51 hp.
You throw a stone {throwing}.
The stone {throwing} hits the centaur but does no damage.
The centaur shoots an arrow.
The arrow hits you!
The centaur shoots an arrow.
The arrow misses you.
You are too injured to fight recklessly!
You are too injured to fight recklessly!
You are too injured to fight recklessly!
You are too injured to fight recklessly!
You are too injured to fight recklessly! 😮 HP[-13]
You take 13 damage, and now have 28/51 hp.
MASSIVE DAMAGE!! (PAUSE)
Aiming: Throw Flame
Press: ? - help, Shift-Dir - straight line, f/p - centaur
Aim: a centaur, wielding a +0 shortbow (81% to hit)
The puff of flame hits the centaur.
The centaur shoots an arrow.
The arrow hits you.
* * * LOW HITPOINT WARNING * * *
The centaur shoots an arrow.
The arrow hits you!
* * * LOW HITPOINT WARNING * * *
😨 HP[-13]
You take 13 damage, and now have 15/51 hp.
MASSIVE DAMAGE!! (PAUSE)
Okay, then.
As you read the scroll of fog, it crumbles to dust.
The scroll dissolves into smoke.
The centaur shoots an arrow.
The arrow misses you. 😨 HP[+1]
The centaur shoots an arrow.
The arrow hits you!
* * * LOW HITPOINT WARNING * * *
😱 HP[-9]
You take 9 damage, and now have 7/51 hp.
The centaur shoots an arrow.
The arrow hits you.
* * * LOW HITPOINT WARNING * * *
😱 HP[-4]
You take 4 damage, and now have 3/51 hp.
As you read the scroll of fog, it crumbles to dust.
The scroll dissolves into smoke. 😱 HP[+1]
You open the door.
The centaur shoots an arrow.
The arrow hits you.
* * * LOW HITPOINT WARNING * * *
😱 HP[-3]
You take 3 damage, and now have 1/51 hp.
There is an open door here.
It was a potion of might.
You feel very mighty all of a sudden.
The centaur shoots an arrow.
The arrow completely misses you.
A red film seems to cover your vision as you go berserk!
You feel yourself moving faster!
You feel mighty!
The centaur shoots an arrow.
The arrow hits you!
You die...

Skill      XL: |  1  2  3  4  5 |
---------------+----------------+-----
Dodging        | 2 3 4 |  4.1
Fighting       | 5 |  5.2
Long Blades    | |  2.6
Maces & Flails | |  0.4
Armour         | |  1.7

Action                   |  1- 3 |  4- 6 || total
-------------------------+-------+-------++-------
Melee: Falchion          |    47 |     3 ||    50
       Kick              |     4 |     5 ||     9
       Whip              |       |    26 ||    26
Throw: Boomerang         |       |    16 ||    16
       Stone             |       |     8 ||     8
Invok: Berserk           |     5 |     1 ||     6
Evoke: Wand              |       |     1 ||     1
  Use: Scroll            |       |     5 ||     5
       Potion            |       |     1 ||     1
Armor: Animal skin       |    16 |     2 ||    18
Dodge: Dodged            |    54 |    12 ||    66

Levels and vault maps discovered:
D:1:      lightli_arrival_noodles, layout_rooms, serial_shops,
          nicolae_shop_crystal
D:2:      layout_rooms, chequers_decorated_corner
D:3:      layout_basic, uniq_sigmund
D:4:      layout_basic, nicolae_overflow_crystal_walls,
          ebering_dispersal_statue_hall, uniq_robin
D:5:      layout_gridville, nicolae_sif_muna_little_library
D:6:      layout_basic, gammafunk_temple_overflow_elements

Notes
Turn   | Place    | Note
-------+----------+-------------------------------------------
     0 | D:1      | spaghetti the Demonspawn Berserker began the quest for the
                  | Orb.
     0 | D:1      | Reached XP level 1. HP: 18/18 MP: 1/1
     0 | D:1      | magus.rc [v1.9.6]
   223 | D:2      | Reached skill level 2 in Dodging
   223 | D:2      | Gained mutation: You have large cloven feet. [demonic
                  | ancestry]
   223 | D:2      | Reached XP level 2. HP: 14/24 MP: 2/2
   517 | D:4      | Found a hide-covered altar of Uskayaw.
   580 | D:3      | Gained mutation: You have hoof-like feet. [demonic
                  | ancestry]
   580 | D:3      | Reached XP level 3. HP: 30/30 MP: 3/3
   587 | D:3      | Reached skill level 4 in Fighting
   749 | D:3      | Noticed Sigmund
   760 | D:3      | Killed Sigmund
   761 | D:3      | Reached skill level 5 in Fighting
   761 | D:3      | Reached skill level 3 in Dodging
   761 | D:3      | Reached XP level 4. HP: 39/39 MP: 4/4
   761 | D:3      | Reached XP level 5. HP: 44/44 MP: 5/5
   809 | D:2      | Identified the +6 whip "Reirurin" {drain, *Noise rElec rF+
                  | rC++}
   830 | D:2      | Reached skill level 4 in Dodging
  1353 | D:3      | You add the spells Conjure Flame, Ignite Poison and Sticky
                  | Flame to your library.
  1449 | D:3      | You fall into a shaft and drop 3 floors!
  1511 | D:5      | Entered Level 5 of the Dungeon
  1523 | D:5      | Gained mutation: You have hooves in place of feet. [demonic
                  | ancestry]
  1523 | D:5      | Reached XP level 6. HP: 36/51 MP: 6/6
  1670 | D:5      | HP: 7/51 [centaur/arrow (9)]
  1671 | D:5      | HP: 3/51 [centaur/arrow (4)]
  1673 | D:5      | HP: 1/51 [centaur/arrow (3)]
  1677 | D:5      | Shot with an arrow by a centaur

Vanquished Creatures
  Sigmund (D:3)
  A jelly (D:5)
  3 adders (D:2)
  3 gnolls (D:3)
  2 dart slugs
  3 orcs (D:4)
  2 ball pythons
  2 bats (D:2)
  3 endoplasms
  A giant cockroach (D:2)
  3 goblins
  2 hobgoblins (D:2)
  2 jackals (D:2)
  2 quokkas (D:2)
  3 frilled lizards
  A kobold (D:2)
  A rat (D:2)
35 creatures vanquished.

Table legend:
 A = Non-vault XP
 B = Vault XP
 C = Vault XP percentage of total XP
 D = Non-vault monster count
 E = Vault monster count
 F = Vault count percentage of total count
                 A         B        C        D         E       F
            +---------+---------+-------+---------+---------+-------
      Total |     177 |     214 |  54.7 |      34 |       1 |   2.9
            +---------+---------+-------+---------+---------+-------
        D:1 |       3 |       0 |   0.0 |       2 |       0 |   0.0
        D:2 |      74 |       0 |   0.0 |      22 |       0 |   0.0
        D:3 |      49 |     214 |  81.4 |       6 |       1 |  14.3
        D:4 |       9 |       0 |   0.0 |       3 |       0 |   0.0
        D:5 |      42 |       0 |   0.0 |       1 |       0 |   0.0
            +---------+---------+-------+---------+---------+-------

Illustrated notes

Table legend:
 A = Kills in this place as a percentage of kills in entire the game.
 B = Kills by you in this place as a percentage of kills by you in the entire game.
 C = Kills by friends in this place as a percentage of kills by friends in the entire game.
 D = Other kills in this place as a percentage of other kills in the entire game.
 E = Experience gained in this place as a percentage of experience gained in the entire game.
 F = Experience gained in this place divided by the number of levels of this place that you have seen.
                   A       B       C       D       E      F
               +-------+-------+-------+-------+-------+----------------------
         Total | 100.0 | 100.0 |   N/A |   N/A | 100.0 |  65.2
       Dungeon | 100.0 | 100.0 |   N/A |   N/A | 100.0 |  65.2
               +-------+-------+-------+-------+-------+----------------------

Table legend: (Time is in decaauts)
 A = Elapsed time spent in this place.
 B = Non-inter-level travel time spent in this place.
 C = Inter-level travel time spent in this place.
 D = Time resting spent in this place.
 E = Time spent auto-exploring this place.
 F = Levels seen in this place.
 G = Mean time per level.
                   A        B        C        D        E       F      G
               +--------+--------+--------+--------+--------+-----+--------+
         Total |   1734 |   1642 |     92 |    571 |    811 |   6 |  289.0 |
       Dungeon |   1734 |   1642 |     92 |    571 |    811 |   6 |  289.0 |
               +--------+--------+--------+--------+--------+-----+--------+

Top non-repeatable levels by time:
     D:2: 773 daAuts
     D:3: 433 daAuts
     D:1: 208 daAuts
     D:5: 166 daAuts
     D:4: 92 daAuts
     D:6: 61 daAuts
